 Dungeon Crawl Stone Soup version 0.18.1-8-gdd0e5ea (webtiles) character file.

35 Karodes the Cudgeler (level 3, -22/36 HPs)
             Began as a Troll Berserker on May 24, 2016.
             Was an Initiate of Qazlal.
             Annihilated by a polar bear (25 damage)
             ... created by the rage of Trog
             ... on level 3 of the Dungeon.
             The game lasted 00:27:13 (1553 turns).

Karodes the Cudgeler (Troll Berserker)              Turns: 1553, Time: 00:27:14

Health: -22/36     AC:  5    Str: 29    XL:     3   Next: 16%
Magic:  11/11      EV: 16    Int:  3    God:    Qazlal [......]
Gold:   93         SH:  0    Dex: 15    Spells: 0 memorised, 2 levels left

rFire  . . .     SeeInvis .     a - +0 mace
rCold  . . .     Gourm    +     b - +0 animal skin
rNeg   . . .     Faith    .     (no shield)
rPois  .         Spirit   .     (helmet restricted)
rElec  .         Dismiss  .     (no cloak)
rCorr  .         Reflect  .     (gloves unavailable)
SustAt .         Harm     .     (boots unavailable)
MR     .....                    (no amulet)
Stlth  ++........               i - +4 ring of strength
                                f - ring of magical power

@: confused, agile, not resistant to hostile enchantments, unstealthy
A: unfitting armour, claws 3, fast metabolism 3, gourmand, regeneration 2,
shaggy fur 1, tough skin 2
a: Renounce Religion


You were on level 3 of the Dungeon.
You worshipped Qazlal.
Qazlal was noncommittal.
You were not hungry.

You visited 1 branch of the dungeon, and saw 3 of its levels.

You collected 93 gold pieces.

Inventory:

Hand Weapons
 a - a +0 mace (weapon)
 l - a +0 whip
Armour
 b - a +0 animal skin (worn)
 m - a +0 robe
Jewellery
 f - a ring of magical power (left claw)
 i - a +4 ring of strength (right claw)
Scrolls
 d - 2 scrolls of fog {unknown}
 h - a scroll of remove curse {unknown}
Potions
 c - a potion of curing {unknown}
 e - a potion of agility
 g - a potion of resistance {unknown}
 k - a potion of heal wounds {unknown}
 n - a potion of haste {unknown}
Comestibles
 j - a meat ration


   Skills:
 - Level 2.8 Fighting
 - Level 3.1 Maces & Flails
 + Level 0.1 Armour
 - Level 2.7 Dodging
 - Level 0.1 Stealth
 + Level 0.1 Spellcasting
 + Level 0.1 Invocations


You had 2 spell levels left.
You didn't know any spells.

Dungeon Overview and Level Annotations

Branches:
Dungeon (3/15)

Altars:
Qazlal


Innate Abilities, Weirdness & Mutations

You are too large for most types of armour.
You have claws for hands.
Your metabolism is lightning-fast.
You like to eat raw meat.
You heal very quickly.
You are covered in fur (AC +1).
You have very tough skin (AC +2).


Message History

You kill the hobgoblin!
Qazlal accepts your kill.
You see here a club.
Found 11 arrows.
n - a white potion Trog sends monsters to punish you.
The divine experience confuses you!
You are confused. 3 polar bears and a black bear come into view.
The polar bear barely misses you. The polar bear claws you.
The polar bear claws you but does no damage.
The polar bear bites you!!
Ouch! That really hurt!
* * * LOW HITPOINT WARNING * * *
The polar bear closely misses you. The polar bear claws you.
* * * LOW HITPOINT WARNING * * *
It was a potion of agility.
You feel agile all of a sudden. The polar bear bites you!!
Ouch! That really hurt!
You die...

#..........####
+...?.........
#(..........#
#...........#
#...........#
#...........#
#..!......).##
#...h.h......#
###.@.######.#
#hh.# #.##
#...### #..# #
#......####.#.#
#......+....#.#
#......####...#.#
#.............#(#
#.......####..#.#
#.......#.....#.#
.


You could see 3 polar bears and a black bear (berserk).

Vanquished Creatures
  A worm (D:2)
  3 dart slugs (D:1)
  A giant gecko (D:1)
  4 goblins
  3 hobgoblins
  3 jackals (D:1)
  4 bats
  A giant newt (D:1)
  2 kobolds
  2 rats (D:1)
  4 plants (D:1)
28 creatures vanquished.

Notes
Turn   | Place    | Note
--------------------------------------------------------------
     0 | D:1      | Karodes the Troll Berserker began the quest for the Orb.
     0 | D:1      | Reached XP level 1. HP: 22/22 MP: 0/0
   299 | D:1      | eat
   299 | D:1      | i need to eat
   680 | D:1      | Reached XP level 2. HP: 29/29 MP: 1/1
   894 | D:1      | Reached skill level 3 in Maces & Flails
  1214 | D:2      | Found a stormy altar of Qazlal.
  1301 | D:2      | Reached XP level 3. HP: 31/36 MP: 2/2
  1375 | D:2      | Reached ** piety under Trog
  1428 | D:2      | Fell from the grace of Trog
  1428 | D:2      | Became a worshipper of Qazlal Stormbringer
  1551 | D:3      | Noticed a polar bear
  1551 | D:3      | Noticed a black bear
  1551 | D:3      | Noticed a polar bear
  1551 | D:3      | Noticed a polar bear
  1553 | D:3      | Annihilated by a polar bear

Skill      XL: |  1  2 |
---------------+-------+-----
Maces & Flails | 3 |  3.1
Fighting       | |  2.8
Armour         | |  0.1
Dodging        | |  2.7
Stealth        | |  0.1
Spellcasting   | |  0.1
Invocations    | |  0.1

Action                   || total
-------------------------++-------
Melee: Mace              ||   195
  Use: Scroll            ||     2
       Potion            ||     1
  Eat: Bread ration      ||     3
Armor: Animal skin       ||    48
Dodge: Dodged            ||    60
